AoeStats
← EdibleHat

Arabia

510637295Analyzed
1v1 RM · 1d ago on Oct 1, 2026· 34m 19s· 2 players
Game mode
Random Map
Map size
Tiny (2 player)
Population
200
Speed
Normal
Resources
Standard
Victory
Conquest
Starting age
Dark Age
Ending age
Imperial Age
RankedLock teamsTeams togetherTeam positionsShared explorationLock speedFull tech treeHidden civsTurbo modeCheats
Victory
Defeat
🇺🇸 Inca · United States
1000
+45
🇬🇧 Berbers · United Kingdom
983
-15
EdibleHat
5:00 Loom
11:28 Feudal Age
12:22 Town Watch
12:25 Double-Bit Axe
12:59 Horse Collar
21:06 Bloodlines
20:55 Fletching
21:05 Padded Archer Armor
23:56 Castle Age
22:30 Forging
22:26 Scale Barding Armor
23:54 Stone Mining
23:55 Gold Mining
25:00 Bow Saw
24:54 Heavy Plow
26:35 Husbandry
29:07 Leather Archer Armor
28:51 Bodkin Arrow
29:24 Thumb Ring
34:37 Wheelbarrow
Warm Sausage
11:16 Feudal Age
9:40 Loom
14:05 Horse Collar
14:17 Double-Bit Axe
20:06 Gold Mining
20:38 Champi Runner
25:42 Castle Age
24:33 Forging
24:27 Scale Mail Armor
27:12 Wheelbarrow
26:53 Squires
26:18 Champi Warrior
26:50 Arson
30:30 Iron Casting
30:13 Chain Mail Armor
31:05 Hand Cart
Connection lost

Rejoining the realm…

Still unreachable

The connection could not be restored.

Session expired

The server has moved on; the page needs a fresh start.